 Dungeon Crawl Stone Soup version 0.30.2 (webtiles) character file.

Game seed: 1223970428199839739

42 Ashen the Chiller (level 3, -1/33 HPs)
             Began as an Ogre Ice Elementalist on Jan 19, 2024.
             Killed by nerve-wracking pain
             ... invoked by Jessica
              (10 damage)
             ... on level 2 of the Dungeon.
             The game lasted 00:03:21 (1303 turns).

Ashen the Chiller (Ogre Ice Elementalist)           Turns: 1303, Time: 00:03:21

Health: -1/33      AC:  3    Str: 12    XL:     3   Next: 56%
Magic:  0/7        EV: 10    Int: 18    God:
Gold:   55         SH:  0    Dex:  9    Spells: 7/8 levels left

rFire   . . .        c - +0 whip
rCold   . . .        (no shield)
rNeg    . . .        a - +0 robe
rPois   .            (helmet restricted)
rElec   .            (no cloak)
rCorr   .            (gloves unavailable)
SInv    .            (boots unavailable)
Will    .....        (no amulet)
Stlth   ++           (no ring)
HPRegen 0.25/turn    (no ring)
MPRegen 0.10/turn

%: no passive effects
@: no status effects
A: large, unfitting armour, tough skin 1
a: no special abilities


You were on level 2 of the Dungeon.
You visited 1 branch of the dungeon, and saw 2 of its levels.

You collected 55 gold pieces.

Inventory:

Hand Weapons
 c - a +0 whip (weapon)
Armour
 a - a +0 robe (worn)
Scrolls
 d - a scroll of teleportation {unknown}
 e - a scroll of amnesia {unknown}
 f - a scroll of fear {unknown}
 h - a scroll of enchant weapon {unknown}
Potions
 b - a potion of might {unknown}
 g - a potion of ambrosia {unknown}


   Skills:
 + Level 1.2 Fighting
 + Level 2.0 Dodging
 + Level 1.6 Stealth
 * Level 3.2 Spellcasting
 * Level 4.0 Ice Magic


You had 7 spell levels left.
You knew the following spells:

 Your Spells              Type           Power      Damage    Failure   Level
a - Freeze                Ice            68%        1d8       3%          1

Your spell library contained the following spells:

 Spells                   Type           Power      Damage    Failure   Level
 Frozen Ramparts          Ice            34%        1d6       10%         3
 Ozocubu's Armour         Ice            17%        N/A       10%         3
 Inner Flame              Hex/Fire       2%         N/A       43%         3
 Summon Ice Beast         Ice/Summ       10%        N/A       56%         4
 Flame Wave               Conj/Fire      2%         2d4       85%         4
 Sticky Flame             Conj/Fire      2%         2d3       85%         4


Dungeon Overview and Level Annotations

Branches:
Dungeon (2/15)

Altars:

Annotations:
D:2 Jessica


Innate Abilities, Weirdness & Mutations

You are too large for most types of armour.
You have tough skin. (AC +1)


Message History

You see here a jackal corpse.
You hit the endoplasm.
The endoplasm is almost dead.
The endoplasm barely misses you.
You hit the endoplasm.
You kill the endoplasm!
Jessica the Apprentice Sorceress comes into view.
She is wielding a +0 club and wearing a +2 robe of resistance.
Jessica shouts!
Jessica mumbles some strange words.
Jessica blinks!
h - a scroll labelled AGAVIGH TOBE Jessica casts a spell.
Jessica blinks!
Found a leather armour, 8 stones and a scroll labelled PAAKLUNINI.
An adder comes into view.
Jessica drinks a potion.
Jessica seems to speed up.
The adder moves out of view.
Jessica casts a spell at you. Pain shoots through your body!
There is an escape hatch in the ceiling here.
Casting: Freeze (safe; 3% risk of failure)
Confirm with . or Enter, or press ? or * to list all spells.
Aiming: Freeze (safe; 3% risk of failure)
Press: ? - help, Shift-Dir - straight line, f - Jessica
Aim: Jessica, wielding a +0 club and wearing a +2 robe of resistance (fast)
You freeze Jessica.
Jessica resists.
Jessica is moderately wounded.
Jessica closely misses you.
Casting: Freeze (safe; 3% risk of failure)
Confirm with . or Enter, or press ? or * to list all spells.
Aiming: Freeze (safe; 3% risk of failure)
Press: ? - help, Shift-Dir - straight line, f/p - Jessica
Aim: Jessica, wielding a +0 club and wearing a +2 robe of resistance (moderately wounded, fast)
You freeze Jessica.
Jessica resists.
Jessica is severely wounded.
Jessica hits you with a +0 club.
* * * LOW HITPOINT WARNING * * *
Jessica points at you and mumbles some strange words.
Pain shoots through your body!
You die...

###.# ...# #
########..##.#
.............#
.....# #..#
[.....##..#
.....).#..#########
...................
......@@...........
......##.#†########
.....# #.#.# ....#
#.#.###### ...#
#.#......# (..
..#.####.# .?
###.####.# #.....#
#.####.#


You could see Jessica (fast).

Vanquished Creatures
  A worm (D:2)
  A dart slug (D:1)
  4 ball pythons
  3 endoplasms
  A giant cockroach (D:2)
  5 hobgoblins
  7 jackals
  2 quokkas (D:1)
  A bat (D:2)
  3 goblins
  2 kobolds (D:2)
  2 rats (D:1)
32 creatures vanquished.

Notes
Turn   | Place    | Note
-------+----------+-------------------------------------------
     0 | D:1      | Ashen the Ogre Ice Elementalist began the quest for the
                  | Orb.
     0 | D:1      | Reached XP level 1. HP: 16/16 MP: 3/3
   271 | D:1      | Reached XP level 2. HP: 15/26 MP: 3/5
   478 | D:1      | Found a faded altar of an unknown god.
   653 | D:1      | Reached skill level 1 in Fighting
  1079 | D:2      | Reached XP level 3. HP: 32/33 MP: 3/7
  1114 | D:1      | Reached skill level 4 in Ice Magic
  1293 | D:2      | Noticed Jessica
  1303 | D:2      | Killed from afar by Jessica

Illustrated notes

Levels and vault maps discovered:
D:1:      saegor_arrival_simple_d, layout_basic,
          ebering_ecumenical_altar_sacrificial
D:2:      layout_loops_ring, uniq_jessica

Skill      XL: |  1  2  3 |
---------------+----------+-----
Fighting       | 1 |  1.2
Spellcasting   | 3 |  3.2
Dodging        | 2 |  2.0
Ice Magic      | 4 |  4.0
Stealth        | |  1.6

Action                     || total
---------------------------++-------
  Melee: Unarmed           ||    11
         Whip              ||    33
   Cast: Freeze            ||    51
    Use: Potion            ||     1
 Armour: Robe              ||    21
  Dodge: Dodged            ||    38
